Map: Ascension to Aiur LE

Players

NightEnD

  • Race: Protoss Protoss
  • Spawn Location: 5:00

Harstem - Winner!

  • Race: Protoss Protoss
  • Spawn Location: 11:00

Event: WCS Valencia 2017

VOD

Have the link to the VOD?

Description

Time

  • Played on: July 13, 2017, 7:07 a.m.
  • Length: 11:56

All games in this series

Show
View Real Time Build Order
Export as new Build Order

NightEnD Protoss 

Build Orders:  

Get SALT Encoding   

  12  0:01  Probe (Chrono Boost)  
  13  0:11  Probe (Chrono Boost)  
  14  0:18  Pylon  
  14  0:22  Probe (Chrono Boost)  
  15  0:36  Probe (Chrono Boost)  
  15  0:37  Gateway  
  16  0:44  Assimilator  
  16  0:47  Probe (Chrono Boost)  
  17  0:51  Assimilator  
  17  0:57  Probe (Chrono Boost)  
  18  1:08  Probe (Chrono Boost)  
  19  1:12  Gateway  
  20  1:18  Probe (Chrono Boost)  
  20  1:24  Cybernetics Core  
  20  1:29  Probe (Chrono Boost)  
  21  1:33  Pylon  
  21  1:39  Probe (Chrono Boost)  
  22  1:50  Probe (Chrono Boost)  
  23  2:00  Adept  
  23  2:01  Warp Gate (Chrono Boost), Adept  
  27  2:05  Mothership Core  
  29  2:14  Pylon  
  29  2:30  Stalker  
  29  2:32  Stalker  
  33  2:55  Nexus  
  33  3:03  Sentry x2  
  37  3:16  Robotics Facility  
  37  3:28  Pylon  
  37  3:29  Probe  
  36  3:41  Probe (Chrono Boost)  
  36  3:47  Twilight Council  
  35  3:52  Probe (Chrono Boost)  
  36  4:03  Probe (Chrono Boost)  
  36  4:05  Immortal  
  36  4:07  Probe (Chrono Boost)  
  42  4:13  Probe (Chrono Boost)  
  43  4:18  Probe (Chrono Boost)  
  43  4:23  Blink (Chrono Boost)  
  45  4:24  Probe (Chrono Boost)  
  45  4:28  Probe (Chrono Boost)  
  46  4:34  Probe (Chrono Boost)  
  46  4:36  Forge  
  47  4:39  Probe (Chrono Boost)  
  47  4:45  Observer, Probe (Chrono Boost)  
  50  4:49  Probe (Chrono Boost)  
  50  4:52  Sentry  
  53  4:55  Probe (Chrono Boost)  
  53  4:59  Pylon  
  54  5:00  Probe (Chrono Boost)  
  54  5:01  Pylon  
  54  5:05  Protoss Ground Weapons Level 1 (Chrono Boost)  
  54  5:06  Probe (Chrono Boost)  
  56  5:10  Probe (Chrono Boost)  
  57  5:16  Probe (Chrono Boost)  
  57  5:17  Assimilator  
  57  5:21  Probe, Assimilator  
  59  5:23  Immortal  
  59  5:28  Probe  
  64  5:33  Probe  
  64  5:34  Pylon  
  65  5:40  Probe, Gateway  
  65  5:41  Gateway  
  66  5:45  Probe  
  67  5:52  Probe  
  68  5:57  Probe  
  68  5:59  Nexus  
  68  6:02  Observer, Pylon  
  70  6:04  Probe  
  71  6:12  Stalker x2  
  71  6:14  Probe  
  76  6:21  Robotics Bay  
  76  6:23  Probe  
  77  6:26  Probe  
  77  6:30  Dark Shrine  
  78  6:37  Probe  
  78  6:38  Probe  
  80  6:41  Pylon  
  80  6:45  Assimilator  
  80  6:46  Protoss Ground Weapons Level 2  
  80  6:49  Probe, Assimilator  
  80  6:50  Probe, Stalker  
  84  7:01  Probe  
  85  7:02  Probe  
  86  7:13  Probe x2  
  86  7:14  Probe  
  89  7:16  Photon Cannon  
  89  7:18  Pylon  
  89  7:20  Disruptor (Chrono Boost)  
  92  7:26  Stalker  
  92  7:27  Stalker x2  
  98  7:32  Probe x3  
  101  7:42  Probe  
  101  7:44  Probe  
  101  7:45  Gateway  
  101  7:48  Pylon  
  101  7:49  Pylon  
  106  7:51  Disruptor (Chrono Boost)  
  106  7:53  Gateway  
  106  7:55  Probe x2  
  108  8:00  Robotics Facility  
  108  8:03  Pylon  
  108  8:05  Pylon  
  108  8:16  Photon Cannon  
  108  8:22  Disruptor (Chrono Boost), Nexus  
  111  8:29  Pylon  
  111  8:32  Pylon  
  111  8:34  Stalker x2  
  111  8:38  Stalker  
  117  8:46  Disruptor (Chrono Boost)  
  120  8:52  Protoss Ground Weapons Level 3  
  120  8:53  Photon Cannon, Disruptor (Chrono Boost)  
  123  8:56  Photon Cannon  
  123  8:58  Stalker x2  
  123  8:59  Stalker x2  
  131  9:14  Pylon  
  133  9:18  Disruptor (Chrono Boost)  
  134  9:24  Stalker, Disruptor (Chrono Boost)  
  134  9:25  Stalker  
  134  9:30  Stalker  
  143  9:41  Stalker x3  
  149  9:49  Disruptor (Chrono Boost)  
  149  9:51  Stalker  
  149  9:52  Stalker  
  156  9:54  Stalker  
  158  10:00  Photon Cannon  
  158  10:05  Stalker x3  
  164  10:12  Pylon  
  130  10:24  Stalker x3  
  116  10:32  Stalker x2  
  116  10:33  Stalker  
  122  10:36  Disruptor x2 (Chrono Boost)  
  128  10:48  Stalker  
  128  10:49  Stalker x2  
  123  11:07  Disruptor (Chrono Boost)  
  123  11:09  Disruptor (Chrono Boost)  
  122  11:16  Stalker x2  
  122  11:17  Stalker x3  
  128  11:22  Stalker  
  129  11:37  Nexus  
  132  11:40  Stargate  
Show
View Real Time Build Order
Export as new Build Order

Harstem Protoss - Winner!

Build Orders: Oracle Opening 

Get SALT Encoding   

  12  0:01  Probe (Chrono Boost)  
  13  0:11  Probe (Chrono Boost)  
  14  0:17  Pylon  
  14  0:22  Probe (Chrono Boost)  
  16  0:35  Probe (Chrono Boost)  
  16  0:37  Gateway  
  16  0:46  Probe (Chrono Boost)  
  16  0:47  Assimilator  
  17  0:51  Assimilator  
  18  0:57  Probe (Chrono Boost)  
  18  1:03  Gateway  
  18  1:07  Probe (Chrono Boost)  
  19  1:18  Probe (Chrono Boost)  
  20  1:24  Cybernetics Core  
  20  1:28  Probe (Chrono Boost)  
  21  1:33  Pylon  
  21  1:39  Probe (Chrono Boost)  
  22  1:49  Probe (Chrono Boost)  
  23  2:01  Stalker, Mothership Core (Chrono Boost), Warp Gate (Chrono Boost)  
  27  2:08  Stalker  
  29  2:19  Pylon  
  29  2:31  Sentry  
  31  2:49  Nexus  
  31  2:54  Stalker  
  33  3:07  Stalker  
  33  3:11  Probe  
  36  3:19  Pylon  
  36  3:26  Robotics Facility  
  36  3:28  Probe (Chrono Boost)  
  36  3:29  Oracle  
  37  3:38  Twilight Council  
  37  3:46  Probe (Chrono Boost)  
  38  3:53  Sentry  
  40  3:56  Probe (Chrono Boost)  
  41  4:03  Probe (Chrono Boost)  
  41  4:07  Probe (Chrono Boost)  
  43  4:13  Probe (Chrono Boost)  
  43  4:14  Observer  
  43  4:15  Blink  
  45  4:17  Probe (Chrono Boost)  
  45  4:20  Forge  
  47  4:24  Probe (Chrono Boost)  
  47  4:28  Probe (Chrono Boost)  
  48  4:35  Probe (Chrono Boost)  
  48  4:36  Immortal (Chrono Boost)  
  53  4:40  Probe (Chrono Boost)  
  54  4:46  Probe (Chrono Boost)  
  54  4:51  Probe (Chrono Boost), Pylon  
  56  4:53  Phoenix  
  56  4:54  Protoss Ground Weapons Level 1 (Chrono Boost)  
  56  4:55  Probe (Chrono Boost)  
  57  5:02  Probe  
  57  5:05  Probe  
  59  5:14  Probe  
  59  5:20  Probe  
  60  5:23  Nexus  
  60  5:24  Immortal (Chrono Boost)  
  60  5:28  Probe  
  66  5:30  Probe  
  66  5:31  Pylon  
  66  5:35  Assimilator  
  67  5:39  Pylon  
  67  5:40  Probe  
  67  5:41  Probe  
  69  5:46  Gateway, Phoenix  
  69  5:52  Probe  
  69  5:54  Probe  
  69  5:55  Gateway  
  71  6:02  Assimilator  
  71  6:04  Probe x2  
  71  6:06  Immortal (Chrono Boost)  
  71  6:10  Pylon  
  77  6:15  Probe  
  77  6:16  Probe  
  79  6:21  Charge  
  79  6:25  Probe  
  79  6:28  Probe, Stalker  
  79  6:29  Stalker  
  85  6:36  Probe x2  
  87  6:40  Probe  
  87  6:42  Immortal (Chrono Boost)  
  87  6:46  Probe  
  92  6:47  Probe  
  92  6:49  Protoss Ground Weapons Level 2 (Chrono Boost)  
  92  6:52  Sentry  
  96  6:55  Pylon, Stalker  
  96  6:57  Probe  
  99  7:06  Stalker x2  
  102  7:08  Probe  
  102  7:10  Probe  
  102  7:12  Assimilator  
  102  7:14  Probe  
  103  7:17  Assimilator  
  103  7:18  Photon Cannon  
  103  7:27  Probe, Stalker x2  
  108  7:31  Pylon, Gateway  
  108  7:32  Gateway  
  108  7:40  Stargate  
  108  7:41  Stargate  
  108  7:43  Photon Cannon  
  108  7:45  Probe  
  108  7:46  Probe x2  
  108  7:50  Zealot x3  
  117  7:52  Phoenix  
  117  7:56  Probe  
  118  7:59  Photon Cannon  
  118  8:00  Pylon  
  118  8:05  Templar Archives  
  118  8:15  Gateway x2  
  118  8:23  Phoenix (Chrono Boost)  
  118  8:25  Phoenix (Chrono Boost)  
  122  8:30  Pylon  
  122  8:32  Pylon  
  122  8:37  Nexus  
  122  8:42  High Templar x4  
  122  8:43  Zealot  
  122  8:48  Warp Prism (Chrono Boost), Archon  
  134  8:51  Phoenix (Chrono Boost)  
  134  8:53  Pylon  
  134  8:54  Archon  
  136  8:57  Zealot, Probe  
  136  8:58  Pylon  
  136  8:59  Pylon  
  136  9:02  Photon Cannon  
  139  9:05  Phoenix (Chrono Boost)  
  141  9:11  Protoss Ground Weapons Level 3 (Chrono Boost)  
  141  9:14  Pylon  
  141  9:19  Zealot x2  
  141  9:24  Zealot x2  
  149  9:31  Phoenix x2 (Chrono Boost)  
  149  9:36  Pylon  
  153  9:43  Pylon, High Templar  
  153  9:44  High Templar  
  153  9:45  Zealot x4  
  165  9:48  Archon  
  165  9:54  Phoenix x2 (Chrono Boost)  
  165  9:55  Zealot  
  171  10:02  Zealot  
  149  10:25  Zealot x8  
  155  10:29  Phoenix x2 (Chrono Boost)  
  155  10:33  Robotics Bay  
  155  10:34  Probe  
  152  10:47  Zealot x4, High Templar x2  
  152  10:48  Zealot  
  166  10:51  Archon, Phoenix (Chrono Boost)  
  166  10:52  Probe x2  
  170  11:08  Zealot x4  
  170  11:10  Photon Cannon  
  166  11:17  High Templar x2  
  168  11:19  Phoenix (Chrono Boost)  
  168  11:21  Archon  
  168  11:23  Zealot x2  
  168  11:24  Assimilator  
  174  11:27  Assimilator  
  173  11:40  Dark Shrine  
  159  11:49  Zealot x6  
  159  11:50  Zealot x2  
Tags
 
Add a new tag
Caveats
  • Supply blocks, unpowered buildings, or Contaminate may cause inaccurate times.
  • Supply counts are checked every 10 seconds.